Map: [ESL] Site Delta

Players

ByuN

  • Race: Terran Terran
  • Spawn Location: 11:00

Cure - Winner!

  • Race: Terran Terran
  • Spawn Location: 5:00

Event: ESL SC2 Masters 2023 Winter (Finals)

VOD

Have the link to the VOD?

Description

Time

  • Played on: Dec. 16, 2023, 3:48 p.m.
  • Length: 14:34

All games in this series

Show
View Real Time Build Order
Export as new Build Order

ByuN Terran 

Build Orders:  

Get SALT Encoding   

  12  0:00  SCV  
  13  0:12  SCV  
  14  0:17  Supply Depot  
  14  0:24  SCV  
  15  0:38  SCV  
  15  0:40  Barracks  
  16  0:44  Refinery  
  16  0:56  Barracks  
  16  1:01  SCV  
  17  1:11  Refinery  
  17  1:13  SCV  
  18  1:27  Reaper  
  18  1:29  Orbital Command  
  19  1:43  Reaper  
  20  1:55  SCV  
  20  1:57  Supply Depot  
  20  1:59  Reaper  
  22  2:07  SCV  
  23  2:14  Factory  
  23  2:18  Reaper  
  23  2:19  SCV  
  25  2:31  SCV  
  25  2:32  Reaper  
  27  2:43  SCV  
  28  2:45  Command Center  
  28  3:00  Reaper  
  28  3:05  Factory Reactor, SCV  
  28  3:10  Supply Depot  
  28  3:17  SCV  
  29  3:26  Reaper  
  29  3:29  SCV  
  31  3:41  SCV, Starport  
  30  3:51  Cyclone  
  30  3:52  Cyclone  
  30  3:54  SCV  
  33  4:04  Orbital Command, Command Center  
  33  4:07  SCV  
  34  4:16  Refinery  
  34  4:19  SCV  
  38  4:25  Cyclone x2  
  39  4:34  Liberator  
  39  4:36  SCV x2  
  44  4:48  SCV x2, Supply Depot  
  44  4:50  Barracks Tech Lab  
  48  5:00  SCV x2  
  48  5:01  Cyclone x2  
  52  5:12  SCV x2  
  53  5:21  Supply Depot  
  54  5:24  Orbital Command, Raven, SCV x2  
  54  5:25  Interference Matrix  
  54  5:26  Barracks Tech Lab  
  57  5:34  Cyclone  
  61  5:35  Cyclone  
  61  5:36  SCV x2  
  63  5:48  SCV x2  
  63  5:50  SCV  
  64  6:00  SCV  
  64  6:01  SCV  
  64  6:02  SCV  
  67  6:06  Raven, Cyclone  
  67  6:07  Cyclone  
  66  6:13  SCV x2  
  66  6:14  SCV  
  69  6:22  Refinery  
  69  6:25  SCV x2  
  71  6:26  SCV  
  71  6:27  Stimpack, Marine  
  71  6:30  Barracks  
  71  6:31  Barracks  
  73  6:37  SCV  
  73  6:38  Supply Depot  
  76  6:43  Engineering Bay  
  76  6:45  Marine, Engineering Bay  
  76  6:46  SCV x2  
  77  6:48  Starport Reactor  
  77  6:51  Siege Tank  
  80  6:58  Orbital Command  
  80  7:02  SCV  
  80  7:03  Marine  
  80  7:06  Supply Depot  
  82  7:11  Terran Infantry Weapons Level 1, Terran Infantry Armor Level 1, SCV  
  82  7:14  SCV  
  84  7:21  Marine  
  84  7:22  Barracks Reactor  
  84  7:26  Barracks x2  
  84  7:28  SCV  
  84  7:29  SCV x2  
  87  7:32  Medivac x2  
  91  7:41  SCV x3  
  91  7:42  Supply Depot  
  91  7:43  Marine x3  
  97  7:45  Supply Depot  
  97  7:48  Siege Tank  
  100  7:53  SCV  
  100  7:54  SCV  
  95  7:58  SCV  
  95  8:01  Marine  
  95  8:02  Marine x2  
  95  8:04  Marine x2  
  95  8:05  SCV  
  84  8:06  SCV  
  84  8:10  SCV  
  84  8:14  Barracks Reactor x2, Armory  
  84  8:17  SCV  
  84  8:18  SCV  
  84  8:19  Combat Shield, Marine  
  87  8:20  Marine x2  
  87  8:22  SCV, Marine  
  86  8:29  SCV  
  86  8:31  Marine, SCV  
  77  8:35  SCV  
  77  8:36  Marine  
  77  8:38  Marine x2  
  77  8:39  Marine  
  81  8:41  SCV  
  81  8:44  SCV  
  81  8:49  Marine  
  81  8:50  SCV  
  81  8:52  Refinery  
  81  8:53  SCV, Marine x2  
  81  8:54  Marine x3  
  89  8:56  Marine x2, SCV  
  89  8:57  Siege Tank, Marine  
  96  9:06  SCV x2  
  96  9:07  Marine  
  96  9:08  SCV  
  96  9:09  Sensor Tower, Supply Depot, Refinery  
  100  9:10  Terran Infantry Armor Level 2  
  100  9:11  Supply Depot, Marine  
  100  9:12  Marine  
  100  9:13  Marine x2  
  100  9:14  Marine x2  
  100  9:15  Marine  
  107  9:19  Terran Infantry Weapons Level 2  
  107  9:22  SCV x2  
  109  9:26  SCV  
  106  9:32  Marine x2  
  106  9:33  Marine x2  
  106  9:34  SCV x2, Marine x5  
  116  9:41  SCV  
  116  9:46  SCV  
  116  9:49  Marine  
  116  9:50  Marine x2  
  116  9:51  Siege Tank, Marine  
  117  9:56  Marine x5  
  122  10:01  Sensor Tower  
  122  10:02  Supply Depot  
  122  10:07  Marine, Medivac  
  122  10:11  Medivac  
  122  10:14  Marine x2  
  120  10:15  Marine  
  120  10:16  Marine x3  
  120  10:18  Marine  
  119  10:23  Siege Tank  
  119  10:25  Marine  
  121  10:30  Factory  
  121  10:32  Marine x2  
  121  10:33  Marine x2  
  121  10:34  Barracks Reactor, Marine  
  120  10:37  Supply Depot, Medivac  
  120  10:39  Marine x2  
  120  10:41  Medivac  
  126  10:43  Marine  
  126  10:45  Command Center  
  126  10:49  Marine  
  127  10:50  Marine  
  127  10:51  Marine  
  127  10:52  Supply Depot  
  127  10:53  Marine x2  
  131  11:02  Marine x3  
  132  11:07  Marine, Medivac  
  132  11:08  Marine  
  132  11:09  Marine  
  132  11:10  Marine x4  
  134  11:11  Medivac  
  136  11:19  Siege Tank  
  136  11:20  Marine x3  
  136  11:22  SCV x3  
  136  11:25  Marine x2  
  146  11:27  Terran Infantry Armor Level 3, Marine  
  146  11:28  Marine  
  149  11:32  Marine x2  
  149  11:33  Terran Vehicle Weapons Level 1  
  149  11:37  Marine  
  149  11:38  Marine  
  153  11:43  SCV x2, Supply Depot  
  153  11:44  SCV  
  136  11:49  Marine  
  105  11:55  SCV  
  105  11:56  SCV  
  105  11:58  Marine  
  109  12:02  Marine  
  109  12:07  SCV  
  109  12:08  SCV  
  108  12:12  Marine  
  108  12:13  Marine x4  
  104  12:19  SCV  
  104  12:20  SCV  
  104  12:22  Marine  
  104  12:23  Marine x2  
  104  12:24  Marine x2  
  107  12:30  Marine  
  107  12:31  Marine  
  107  12:32  SCV x2  
  107  12:33  Marine  
  107  12:36  Marine x2  
  108  12:40  Orbital Command  
  108  12:42  Marine  
  108  12:44  SCV  
  110  12:46  Marine  
  110  12:47  Marine x2  
  110  12:50  Marine  
  111  12:56  SCV x2  
  99  12:59  Marine  
  99  13:07  Marine x4  
  99  13:08  Marine  
  99  13:11  Marine  
  103  13:14  Marine  
  103  13:16  Marine  
  105  13:23  Marine  
  105  13:24  Marine  
  105  13:25  Marine x4  
  110  13:29  Marine  
  110  13:32  Siege Tank, Marine  
  110  13:33  Marine  
  115  13:41  Marine x2  
  115  13:42  Marine  
  115  13:43  Marine x3  
  115  13:47  Marine  
  118  13:49  SCV x2  
  118  13:50  SCV, Marine  
  118  13:53  Marine  
  90  13:59  Marine x2  
  90  14:01  SCV x2  
  89  14:02  SCV  
  89  14:03  Marine x2  
  90  14:10  Marine x4  
  90  14:13  SCV  
  90  14:15  Marine  
Show
View Real Time Build Order
Export as new Build Order

Cure Terran - Winner!

Build Orders: Reaper Expand 

Get SALT Encoding   

  12  0:00  SCV  
  13  0:12  SCV  
  14  0:17  Supply Depot  
  14  0:24  SCV  
  15  0:38  SCV  
  15  0:40  Barracks  
  15  0:42  Refinery  
  16  0:50  SCV  
  17  1:02  SCV  
  18  1:14  SCV  
  19  1:27  Orbital Command, Reaper  
  20  1:41  Command Center  
  20  1:53  Supply Depot  
  20  1:54  SCV  
  21  1:58  Marine  
  22  2:06  SCV  
  22  2:10  Factory  
  22  2:16  Marine  
  22  2:18  SCV  
  22  2:21  Refinery  
  24  2:30  SCV  
  24  2:34  Marine  
  26  2:42  SCV  
  27  2:54  Marine, SCV  
  27  2:57  Hellion  
  28  2:58  Orbital Command  
  24  3:06  SCV  
  24  3:12  Marine  
  25  3:18  SCV  
  27  3:20  Hellion  
  26  3:29  SCV  
  26  3:30  SCV  
  26  3:34  Barracks Reactor  
  28  3:35  Starport  
  29  3:41  SCV  
  29  3:42  SCV  
  29  3:44  Cyclone  
  31  3:54  SCV  
  31  3:55  SCV  
  33  4:06  SCV  
  33  4:07  SCV  
  35  4:11  Medivac  
  37  4:18  SCV  
  37  4:19  SCV  
  37  4:23  Cyclone x2, Barracks Tech Lab  
  43  4:25  Refinery  
  43  4:27  Supply Depot  
  43  4:28  Supply Depot  
  43  4:31  SCV x2  
  45  4:43  SCV  
  46  4:48  SCV  
  46  4:50  Raven  
  49  4:55  SCV  
  49  4:56  Cyclone x2  
  54  5:00  SCV  
  54  5:01  Barracks Tech Lab  
  54  5:03  Supply Depot  
  55  5:08  SCV  
  55  5:13  SCV  
  53  5:20  SCV  
  54  5:25  SCV  
  54  5:26  Raven  
  57  5:29  Supply Depot  
  57  5:31  Marine  
  57  5:32  Cyclone x2, SCV  
  57  5:35  Interference Matrix  
  63  5:37  SCV  
  63  5:39  Command Center  
  64  5:44  Supply Depot  
  64  5:47  SCV  
  64  5:49  SCV, Marine  
  58  5:59  SCV  
  58  6:01  SCV  
  55  6:04  Cyclone x2  
  55  6:06  Marine  
  55  6:11  SCV  
  56  6:20  Raven  
  56  6:21  SCV  
  56  6:23  SCV  
  56  6:24  Marine  
  61  6:35  SCV  
  61  6:36  SCV  
  61  6:39  Refinery  
  65  6:40  Cyclone x2  
  65  6:42  Marine  
  68  6:48  SCV x2  
  68  6:51  Barracks  
  68  6:53  Orbital Command  
  70  6:55  Barracks  
  70  6:57  Stimpack  
  70  7:00  SCV x2  
  72  7:02  Marine  
  73  7:12  Cyclone x2  
  73  7:13  SCV x2  
  73  7:15  Orbital Command, Starport Reactor  
  79  7:20  Marine  
  78  7:24  Engineering Bay  
  78  7:25  SCV x2, Engineering Bay  
  80  7:37  SCV  
  80  7:38  Marine  
  80  7:41  Barracks  
  80  7:42  Barracks, SCV  
  80  7:43  Barracks Reactor, SCV  
  84  7:50  Terran Infantry Weapons Level 1  
  84  7:52  Terran Infantry Armor Level 1  
  84  7:54  Supply Depot  
  77  8:01  Marine x3  
  77  8:05  SCV x3  
  69  8:07  Siege Tank  
  69  8:08  Medivac  
  74  8:15  Medivac  
  74  8:17  SCV x3  
  74  8:19  Marine x3  
  82  8:20  Supply Depot  
  82  8:22  Marine x2  
  84  8:29  SCV x2  
  84  8:31  Barracks Reactor  
  84  8:32  Barracks Reactor  
  84  8:37  Marine x3  
  84  8:38  Combat Shield  
  84  8:40  Marine x2  
  89  8:42  SCV x2  
  85  8:50  SCV  
  85  8:51  Siege Tank  
  85  8:52  Refinery  
  85  8:53  Refinery  
  85  8:54  SCV x2  
  85  8:55  Marine x3  
  94  8:57  Missile Turret  
  94  8:58  Marine x2  
  94  9:00  Armory  
  94  9:02  SCV  
  97  9:06  Marine x2, SCV x2  
  97  9:08  Marine x2  
  103  9:12  Marine x2  
  103  9:13  Marine  
  103  9:14  SCV  
  103  9:16  Sensor Tower, Marine x2  
  109  9:17  Supply Depot  
  109  9:23  SCV x2  
  108  9:26  Marine x4  
  108  9:27  Siege Tank  
  108  9:31  Marine, SCV  
  109  9:32  Marine  
  109  9:38  Medivac, Marine x3  
  109  9:39  SCV  
  109  9:44  Marine x2  
  112  9:47  Marine x2  
  112  9:49  Armory, Marine  
  112  9:50  Marine  
  115  9:53  SCV  
  116  10:01  Marine  
  116  10:05  Supply Depot  
  116  10:06  Supply Depot  
  117  10:10  Marine x3  
  117  10:11  Marine x3  
  117  10:12  Siege Tank, Marine  
  117  10:13  Barracks Reactor  
  117  10:19  Medivac x2, Marine  
  117  10:23  Supply Depot  
  117  10:25  Supply Depot  
  117  10:28  Marine x4  
  119  10:33  Marine x3  
  124  10:37  Marine  
  124  10:39  Terran Infantry Weapons Level 2, Terran Infantry Armor Level 2  
  125  10:44  Command Center  
  125  10:48  Siege Tank  
  128  10:54  Factory, Marine x6  
  134  10:57  SCV  
  134  10:58  SCV x2  
  134  11:03  Marine x4  
  141  11:11  Medivac  
  143  11:12  Marine x2  
  143  11:14  Medivac  
  143  11:17  Supply Depot  
  143  11:18  Terran Vehicle Weapons Level 1  
  146  11:20  Siege Tank  
  146  11:21  Supply Depot  
  149  11:33  Supply Depot  
  149  11:37  Supply Depot  
  149  11:39  Marine x8  
  157  11:42  Marine  
  151  11:47  Marine  
  133  11:56  Orbital Command  
  133  11:57  Marine x8  
  133  12:00  Siege Tank x2, Marine  
  146  12:05  Marine  
  139  12:14  Marine x8  
  145  12:18  Marine  
  145  12:21  Orbital Command  
  123  12:31  Marine  
  123  12:32  Marine x3  
  122  12:37  Siege Tank x2  
  122  12:40  Medivac x2  
  132  12:44  Marine x6  
  132  12:50  Marine x3  
  141  12:57  Marine  
  129  13:02  Marine  
  130  13:09  Siege Tank, Marine x5  
  130  13:11  SCV  
  139  13:21  Siege Tank  
  139  13:22  Marine x4  
  147  13:32  Planetary Fortress  
  146  13:37  SCV x3  
  146  13:39  Marine x2  
  151  13:50  Marine x2  
  151  13:51  Marine x2  
  131  13:55  Marine x4  
  131  13:57  Siege Tank  
  131  13:59  Marine x2  
  139  14:08  SCV x3, Marine x4  
  139  14:09  SCV  
  147  14:10  Refinery  
  147  14:14  Marine x3  
  147  14:15  Marine  
Tags
 
Add a new tag
Caveats
  • Supply blocks, unpowered buildings, or Contaminate may cause inaccurate times.
  • Supply counts are checked every 10 seconds.